 Dungeon Sprint DCSS version 0.24-a0-539-g6aae15e (webtiles) character file.

Game seed: 8238647508854130852

426 silentkaos13 the Covert (level 7, -4/46 HPs)
             Began as a Kobold Enchanter on Aug 18, 2019.
             Was an Initiate of Sif Muna.
             Slain by a slime creature (20 damage)
             ... in the Dungeon (Sprint I: "Red Sonja").
             The game lasted 00:01:19 (313 turns).

silentkaos13 the Covert (Kobold Enchanter)           Turns: 313, Time: 00:01:20

Health: -4/46      AC:  2    Str:  6    XL:     7   Next: 18%
Magic:  2/14       EV: 18    Int: 18    God:    Sif Muna [......]
Gold:   315        SH:  0    Dex: 15    Spells: 6/16 levels left

rFire    . . .     SeeInvis .   a - +1 dagger
rCold    . . .     Gourm    .   (shield restricted)
rNeg     . . .     Faith    .   b - +0 robe
rPois    .         Spirit   .   (no helmet)
rElec    .         Reflect  .   (no cloak)
rCorr    .         Harm     .   (no gloves)
MR       .....     NoTele   +   (no boots)
Stlth    +++++.....             (no amulet)
HPRegen  0.15/turn              (no ring)
MPRegen  0.14/turn              (no ring)

@: very slightly contaminated
A: small, carnivore
a: Renounce Religion


You were in the Dungeon.
You worshipped Sif Muna.
Sif Muna was noncommittal.
You were full.

You visited 1 branch You collected 315 gold pieces.

Inventory:

Hand Weapons
 a - a +1 dagger (weapon)
Armour
 b - a +0 robe (worn)
Scrolls
 c - a scroll of magic mapping {unknown}
 j - a scroll of blinking
Potions
 e - a potion of curing
 f - a potion of heal wounds
 g - a potion of haste
 h - 2 potions of magic
 i - a potion of berserk rage
Comestibles
 d - a ration


   Skills:
 * Level 6.3 Fighting
 + Level 4.2 Short Blades
 + Level 5.7 Dodging
 + Level 11.7 Stealth
 + Level 5.0 Spellcasting
 + Level 8.2 Hexes


You had 6 spell levels left.
You knew the following spells:

 Your Spells              Type           Power        Failure   Level  Hunger
a - Corona                Hex            ####...      1%          1    None
b - Confuse               Hex            ####....     1%          3    ##.....
c - Tukima's Dance        Hex            ####....     1%          3    ##.....
d - Dazzling Spray        Conj/Hex       ###...       8%          3    ##.....

Your spell library contained the following spells:

 Spells                   Type           Power        Failure   Level  Hunger
 Ensorcelled Hibernation  Hex/Ice        ###...       3%          2    #......


Dungeon Overview and Level Annotations

Branches:
Dungeon (1/1)

Altars:
Cheibriados
Dithmenos
Elyvilon
Fedhas
Gozag
Hepliaklqana
Kikubaaqudgha
Makhleb
Okawaru
Qazlal
Ru
Sif Muna
Trog
Uskayaw
Vehumet
Wu Jian
Xom
Yredelemnul
Zin
The Shining One
Jiyva
Lugonu

Shops:
D %


Innate Abilities, Weirdness & Mutations

You are small and have problems with some larger weapons.
You are carnivorous and can eat meat at any time.


Message History

Aim: a slime creature (lightly wounded)
You miscast Dazzling Spray.
You are very lightly contaminated with residual magic.
Nothing appears to happen.
The slime creature barely misses you.
Casting: Dazzling Spray (safe; 8% risk of failure)
Confirm with . or Enter, or press ? or * to list all spells.
Aiming: Dazzling Spray (safe; 8% risk of failure)
Press: ? - help, Shift-Dir - straight line, f/p - slime creature
Aim: a slime creature (lightly wounded)
The spray of energy hits the slime creature!
The slime creature is moderately wounded.
The slime creature is dazzled.
The slime creature misses you.
You hit the slime creature.
The slime creature is moderately wounded.
The slime creature barely misses you.
You catch the helpless slime creature completely off-guard!
You impale the slime creature!!
The slime creature is severely wounded.
The slime creature hits you!!
You die...

###################
#<.#.)'..#.)'..#__#
#..'..#.)'..#..@^.+
#..#####'#####'#J_#
#..# #..#...#(####
#..#__####..##.#
#..#_____##'#_.+
#⌠⌠#_.∩...'..._#
####_..__##_.#'#
#____ ##+#.# ####
###


You could see a slime creature (blind).

Vanquished Creatures
  Sigmund (D)
  A yak (D)
  An ogre (D)
  A jelly (D)
  Ijyb (D)
5 creatures vanquished.

Notes
Turn   | Place    | Note
-------+----------+-------------------------------------------
     0 | D        | silentkaos13 the Kobold Enchanter began the quest for the
                  | Orb.
     0 | D        | Reached XP level 1. HP: 10/10 MP: 3/3
     1 | D        | Noticed Ijyb
    15 | D        | Killed Ijyb
    15 | D        | Reached skill level 6 in Stealth
    15 | D        | Reached XP level 2. HP: 6/15 MP: 4/6
    15 | D        | Reached XP level 3. HP: 8/19 MP: 4/7
   196 | D        | Learned a level 3 spell: Confuse
   200 | D        | Learned a level 3 spell: Tukima's Dance
   200 | D        | Noticed an ogre
   203 | D        | Killed an ogre
   203 | D        | Reached skill level 8 in Stealth
   203 | D        | Reached skill level 5 in Hexes
   203 | D        | Reached XP level 4. HP: 28/28 MP: 7/9
   203 | D        | Reached XP level 5. HP: 32/32 MP: 7/10
   233 | D        | Learned a level 3 spell: Dazzling Spray
   233 | D        | Noticed Sigmund
   236 | D        | Killed Sigmund
   236 | D        | Reached skill level 5 in Fighting
   236 | D        | Reached skill level 5 in Dodging
   236 | D        | Reached skill level 10 in Stealth
   236 | D        | Reached XP level 6. HP: 40/40 MP: 10/12
   248 | D        | Found an ornate altar of the Wu Jian Council.
   248 | D        | Found a shimmering blue altar of Sif Muna.
   250 | D        | Found a radiant altar of Vehumet.
   284 | D        | Became a worshipper of Sif Muna the Loreminder
   288 | D        | Found Wufev's Food Emporium.
   288 | D        | Found an ancient bone altar of Kikubaaqudgha.
   288 | D        | Found a hazy altar of Hepliaklqana.
   288 | D        | Found a stormy altar of Qazlal.
   288 | D        | Found a hide-covered altar of Uskayaw.
   288 | D        | Found a blossoming altar of Fedhas.
   288 | D        | Found a bloodstained altar of Trog.
   288 | D        | Found an iron altar of Okawaru.
   288 | D        | Found a basalt altar of Yredelemnul.
   288 | D        | Found a glowing golden altar of the Shining One.
   288 | D        | Found a snail-covered altar of Cheibriados.
   288 | D        | Found a sacrificial altar of Ru.
   288 | D        | Found a glowing silver altar of Zin.
   288 | D        | Found a shadowy altar of Dithmenos.
   288 | D        | Found a white marble altar of Elyvilon.
   288 | D        | Noticed a yak
   289 | D        | Found an opulent altar of Gozag.
   290 | D        | Killed a yak
   290 | D        | Reached skill level 11 in Stealth
   290 | D        | Reached skill level 5 in Spellcasting
   290 | D        | Reached XP level 7. HP: 46/46 MP: 12/14
   305 | D        | Found a viscous altar of Jiyva.
   305 | D        | Found a corrupted altar of Lugonu.
   305 | D        | Noticed a slime creature
   306 | D        | Found a burning altar of Makhleb.
   306 | D        | Found a shimmering altar of Xom.
   313 | D        | Slain by a slime creature

Levels and vault maps discovered:
D:        dungeon_sprint_1 [red_sonja_temple_1, red_sonja_temple_small_1]

Skill      XL: |  1  2  3  4  5  6 |
---------------+-------------------+-----
Dodging        | 3 4 5 |  5.7
Stealth        | 6 8 10 11 | 11.7
Spellcasting   | 3 4 5 |  5.0
Hexes          | 4 5 7 8 |  8.2
Fighting       | 3 5 6 |  6.3
Short Blades   | 2 3 4 |  4.2

Action                   |  1- 3 |  4- 6 |  7- 9 || total
-------------------------+-------+-------+-------++-------
Melee: Dagger            |    13 |     3 |     3 ||    19
 Cast: Dazzling Spray    |       |       |     3 ||     3
 Stab: Sleeping          |     2 |     3 |       ||     5
       Invisible         |       |       |     1 ||     1
  Eat: Chunk             |       |     3 |       ||     3
Dodge: Dodged            |     6 |       |     5 ||    11

Table legend:
 A = Non-vault XP
 B = Vault XP
 C = Vault XP percentage of total XP
 D = Non-vault monster count
 E = Vault monster count
 F = Vault count percentage of total count
                 A         B        C        D         E       F
            +---------+---------+-------+---------+---------+-------
      Total |       0 |     609 | 100.0 |       0 |       5 | 100.0
            +---------+---------+-------+---------+---------+-------
          D |       0 |     609 | 100.0 |       0 |       5 | 100.0
            +---------+---------+-------+---------+---------+-------
